 Dungeon Crawl Stone Soup version 0.31-a0-831-g143b1e81fc (webtiles) character file.

Game seed: 13251780573883249912

6 Dirtsage the Trooper (level 1, 0/18 HPs)
             Began as a Demonspawn Fighter on Sept 24, 2023.
             Slain by a quokka (2 damage)
             ... on level 1 of the Dungeon.
             The game lasted 00:00:15 (193 turns).

Dirtsage the Trooper (Demonspawn Fighter)            Turns: 193, Time: 00:00:15

Health: 0/18       AC:  6    Str: 16    XL:     1   Next: 75%
Magic:  1/1        EV:  8    Int:  9    God:
Gold:   33         SH:  4    Dex: 12    Spells: 0/0 levels left

rFire   . . .        a - +0 war axe
rCold   . . .        c - +0 buckler
rNeg    . . .        b - +0 scale mail
rPois   .            (no helmet)
rElec   .            (no cloak)
rCorr   .            (no gloves)
SInv    .            (no boots)
Will    .....        (no amulet) Stlth
                     (no ring)
HPRegen 0.23/turn    (no ring)
MPRegen 0.07/turn

%: no passive effects
@: no status effects
A: no striking features
a: no special abilities


You were on level 1 of the Dungeon.
You visited 1 branch of the dungeon, and saw 1 of its levels.

You collected 33 gold pieces.

Inventory:

Hand Weapons
 a - a +0 war axe (weapon)
Armour
 b - a +0 scale mail (worn)
 c - a +0 buckler (worn)
Potions
 d - a potion of might
 e - a potion of brilliance {unknown}


   Skills:
 - Level 3.0 Fighting
 + Level 2.3 Axes
 - Level 2.6 Armour
 - Level 2.6 Shields


You couldn't memorise any spells.
You didn't know any spells.
Your spell library contained the following spells:

 Spells                   Type           Power      Damage    Failure   Level
 Inner Flame              Hex/Fire       0%         N/A       99%         3
 Flame Wave               Conj/Fire      0%         2d4       100%        4
 Sticky Flame             Conj/Fire      0%         2d3       100%        4


Dungeon Overview and Level Annotations

Branches:
Dungeon (1/15)

Altars:


Message History

The kobold hits you with a +0 dagger.
You take 2 damage, and have 15/18 hp.
You barely miss the quokka.
The quokka is heavily wounded.
You completely miss the kobold.
The quokka twitches its whiskers.
The quokka bites you but does no damage.
You block the kobold's attack. The quokka bites you.
The kobold hits you but does no damage.
You take 3 damage, and have 12/18 hp.
You are too injured to fight recklessly!
You are too injured to fight recklessly!
You are too injured to fight recklessly!
You are too injured to fight recklessly!
You are too injured to fight recklessly!
You are too injured to fight recklessly!
You are too injured to fight recklessly!
You are too injured to fight recklessly!
You are too injured to fight recklessly!
You are too injured to fight recklessly!
The quokka attacks as it pursues you!
The quokka bites you but does no damage.
You miss the quokka.
The quokka is heavily wounded.
You completely miss the kobold. The quokka bites you.
The kobold barely misses you.
The quokka bites you but does no damage.
You take 3 damage, and have 10/18 hp.
You closely miss the quokka.
The quokka is heavily wounded.
You closely miss the kobold. The quokka bites you.
The kobold completely misses you. The quokka bites you.
* * * LOW HITPOINT WARNING * * *
The kobold hits you with a +0 dagger.
* * * LOW HITPOINT WARNING * * *
You take 9 damage, and have 1/18 hp.
MASSIVE DAMAGE!!
You barely miss the quokka.
The quokka is heavily wounded.
You completely miss the kobold. The quokka bites you.
You die...

#.....#.......
##.####$......
#.# ......#
#.####.......
#.##........#
#.##.[......#
#.##........#
#..#.rK.....#
##...@.......
###.........
#........#
#........#
#........#
#...######
#.### #.#


You could see a quokka and a kobold.

Vanquished Creatures
  A ball python (D:1)
  An endoplasm (D:1)
  2 hobgoblins (D:1)
  A kobold (D:1)
5 creatures vanquished.

Notes
Turn   | Place    | Note
-------+----------+-------------------------------------------
     0 | D:1      | Dirtsage the Demonspawn Fighter began the quest for the
                  | Orb.
     0 | D:1      | Reached XP level 1. HP: 18/18 MP: 1/1
   193 | D:1      | Slain by a quokka

Illustrated notes

Levels and vault maps discovered:
D:1:      dpeg_arrival_more_subterranean_lakeside_camping, layout_basic,
          serial_shops, shop

Skill      XL: |  1 |
---------------+----+-----
Axes           | 2 |  2.3
Fighting       | |  3.0
Armour         | |  2.6
Shields        | |  2.6

Action                     || total
---------------------------++-------
  Melee: War axe           ||    22
 Armour: Scale mail        ||    28
  Dodge: Dodged            ||    12
  Block: Buckler           ||     4

Table legend: (Time is in decaauts)
 A = Elapsed time spent in this place.
 B = Non-inter-level travel time spent in this place.
 C = Inter-level travel time spent in this place.
 D = Time resting spent in this place.
 E = Time spent auto-exploring this place.
 F = Levels seen in this place.
 G = Mean time per level.
                   A        B        C        D        E       F      G
               +--------+--------+--------+--------+--------+-----+--------+
         Total |    203 |    203 |      0 |      0 |    149 |   1 |  203.0 |
       Dungeon |    203 |    203 |      0 |      0 |    149 |   1 |  203.0 |
               +--------+--------+--------+--------+--------+-----+--------+

Top non-repeatable levels by time:
     D:1: 203 daAuts
